Map: 凯罗斯中转站-天梯版

Players

ShoWTimE

  • Race: Protoss Protoss

Harstem - Winner!

  • Race: Protoss Protoss

Event: WESG 2018 Grand Finals

VOD

Have the link to the VOD?

Description

Time

  • Played on: March 11, 2019, 3:30 a.m.
  • Length: 10:17

All games in this series

Show
View Real Time Build Order
Export as new Build Order

ShoWTimE Protoss 

Build Orders:  

Get SALT Encoding   

  12  0:00  Probe  
  13  0:12  Probe  
  14  0:17  Pylon  
  14  0:24  Probe  
  15  0:32  Probe  
  15  0:37  Gateway  
  15  0:40  Probe  
  16  0:46  Assimilator  
  17  0:50  Probe  
  17  0:55  Assimilator  
  18  0:58  Probe  
  19  1:06  Probe  
  20  1:13  Gateway  
  20  1:17  Probe  
  20  1:24  Cybernetics Core  
  21  1:29  Probe  
  22  1:34  Pylon  
  22  1:41  Probe  
  23  1:53  Probe  
  24  2:00  Stalker x2  
  24  2:01  Warp Gate  
  28  2:06  Pylon  
  28  2:30  Adept x2  
  32  2:46  Nexus  
  32  2:48  Probe  
  33  3:01  Sentry x2  
  33  3:02  Pylon  
  33  3:05  Probe  
  38  3:15  Probe  
  39  3:23  Probe  
  39  3:24  Robotics Facility  
  39  3:32  Probe  
  37  3:43  Probe  
  38  3:49  Forge  
  38  3:50  Sentry  
  38  3:51  Probe  
  40  3:56  Shield Battery  
  40  3:59  Probe  
  40  4:04  Probe  
  42  4:10  Stalker, Probe  
  42  4:12  Probe  
  42  4:15  Observer  
  47  4:19  Stalker  
  47  4:20  Probe  
  47  4:22  Probe  
  49  4:34  Stalker  
  49  4:36  Probe  
  49  4:37  Immortal  
  47  4:39  Protoss Ground Weapons Level 1  
  47  4:43  Shield Battery  
  45  4:48  Probe  
  45  4:50  Sentry  
  45  4:52  Probe  
  53  5:00  Probe x2  
  53  5:05  Pylon  
  55  5:08  Shield Battery, Probe  
  55  5:12  Probe  
  57  5:17  Adept x2  
  57  5:20  Probe  
  62  5:23  Assimilator  
  62  5:24  Probe  
  62  5:25  Assimilator  
  63  5:32  Probe  
  63  5:34  Pylon  
  63  5:35  Phoenix  
  64  5:36  Probe  
  64  5:39  Warp Prism  
  67  5:44  Probe  
  67  5:49  Probe  
  67  5:55  Twilight Council  
  66  5:57  Adept  
  66  6:00  Pylon, Adept  
  66  6:01  Probe  
  71  6:07  Gateway  
  71  6:08  Gateway  
  70  6:15  Gateway  
  70  6:23  Immortal  
  74  6:30  Probe  
  72  6:34  Stalker  
  71  6:40  Probe  
  71  6:42  Probe  
  71  6:46  Adept  
  76  6:59  Templar Archives, Charge  
  75  7:02  Adept  
  75  7:06  Pylon  
  77  7:14  Probe  
  78  7:24  Zealot x2, Probe  
  78  7:26  Pylon  
  83  7:36  Forge  
  77  7:46  Zealot x2  
  77  7:49  Protoss Ground Weapons Level 2  
  77  7:54  Gateway  
  77  8:01  Zealot x3  
  83  8:08  Pylon  
  83  8:12  Pylon  
  79  8:20  Zealot x2  
  83  8:27  Gateway  
  83  8:29  Gateway  
  81  8:37  Zealot x3  
  85  8:50  Nexus  
  85  8:52  Pylon  
  81  8:56  Templar Archives  
  81  8:57  Zealot x2  
  81  8:59  Observer  
  85  9:04  Pylon  
  85  9:27  Pylon  
  85  9:32  High Templar x5  
  85  9:33  High Templar x3  
  85  9:36  Archon x3  
  85  9:37  Archon  
  73  9:58  Zealot  
Show
View Real Time Build Order
Export as new Build Order

Harstem Protoss - Winner!

Build Orders: Archon Immortal 

Get SALT Encoding   

  12  0:00  Probe  
  13  0:12  Probe  
  14  0:17  Pylon  
  14  0:24  Probe  
  15  0:32  Probe  
  15  0:37  Gateway  
  15  0:40  Probe  
  16  0:46  Assimilator  
  17  0:50  Probe  
  17  0:55  Assimilator  
  18  0:58  Probe  
  19  1:07  Probe  
  19  1:09  Gateway  
  20  1:17  Probe  
  20  1:25  Cybernetics Core  
  21  1:30  Probe  
  22  1:35  Pylon  
  22  1:42  Probe  
  23  1:51  Warp Gate  
  23  1:56  Probe  
  24  2:01  Stalker  
  24  2:02  Sentry  
  28  2:13  Pylon  
  28  2:28  Sentry  
  30  2:35  Nexus  
  30  2:37  Sentry  
  32  2:50  Probe  
  33  2:54  Stalker  
  35  3:03  Stalker  
  37  3:06  Probe  
  37  3:10  Pylon  
  37  3:17  Pylon  
  37  3:19  Probe  
  38  3:29  Shield Battery  
  38  3:31  Probe  
  33  3:41  Probe  
  33  3:42  Stalker x2  
  33  3:44  Probe  
  39  3:50  Probe  
  39  3:52  Probe  
  40  3:58  Probe  
  40  4:02  Probe  
  42  4:05  Adept  
  42  4:06  Adept  
  47  4:10  Probe  
  47  4:14  Probe  
  49  4:18  Robotics Facility  
  49  4:22  Probe  
  50  4:26  Probe  
  51  4:34  Probe  
  46  4:39  Probe  
  46  4:42  Adept x2  
  46  4:44  Assimilator  
  51  4:45  Pylon  
  51  4:46  Probe, Assimilator  
  51  4:51  Probe  
  53  4:54  Forge  
  53  4:58  Warp Prism  
  53  4:59  Probe  
  54  5:04  Sentry  
  54  5:05  Sentry  
  54  5:06  Probe  
  59  5:11  Probe  
  62  5:18  Pylon, Probe  
  62  5:19  Twilight Council  
  63  5:23  Probe  
  63  5:24  Pylon, Immortal  
  64  5:29  Protoss Ground Weapons Level 1  
  68  5:38  Adept  
  68  5:42  Shield Battery  
  70  5:48  Adept  
  70  5:50  Probe  
  70  5:51  Probe  
  70  5:56  Charge  
  72  5:57  Immortal  
  72  6:01  Pylon  
  76  6:11  Pylon  
  76  6:15  Templar Archives  
  76  6:19  Gateway  
  76  6:21  Gateway  
  76  6:32  Immortal  
  76  6:38  Probe  
  75  6:45  Gateway  
  77  6:48  Gateway x2  
  77  6:53  High Templar  
  77  6:54  High Templar, Gateway  
  81  6:59  Archon  
  81  7:02  Shield Battery  
  81  7:10  Protoss Ground Weapons Level 2  
  81  7:11  Pylon, Observer  
  81  7:14  Zealot  
  84  7:21  Stalker  
  81  7:23  Probe, Immortal  
  81  7:29  Zealot x2  
  85  7:48  High Templar  
  85  7:49  High Templar, Zealot x2  
  93  7:52  Photon Cannon  
  93  7:54  Photon Cannon  
  93  7:55  Archon  
  93  7:58  Pylon  
  93  8:14  Zealot  
  93  8:15  Zealot x3  
  97  8:21  Zealot x4  
  97  8:26  Pylon  
  99  8:35  Immortal  
  102  8:44  Probe  
  101  8:48  High Templar  
  101  8:49  High Templar, Zealot x2  
  101  8:51  Pylon  
  101  8:55  Archon  
  109  9:02  Pylon  
  109  9:07  Pylon  
  107  9:20  High Templar x3  
  107  9:23  High Templar  
  115  9:25  Archon  
  115  9:29  Archon  
  115  9:31  Nexus  
  115  9:32  Sentry  
  115  9:36  Pylon  
  105  9:48  Zealot x2  
Tags
 
Add a new tag
Caveats
  • Supply blocks, unpowered buildings, or Contaminate may cause inaccurate times.
  • Supply counts are checked every 10 seconds.